 Dungeon Crawl Stone Soup version 0.28.0-1-gb440e238dd (webtiles) character file.

Game seed: 269416901215440354

6555 mortz the Destroyer (level 11, -6/75 HPs)
             Began as a Human Conjurer on Feb 19, 2022.
             Was a Believer of Vehumet.
             Mangled by a troll (11 damage)
             ... on level 9 of the Dungeon on Feb 20, 2022.
             The game lasted 01:53:04 (15445 turns).

mortz the Destroyer (Human Conjurer)               Turns: 15445, Time: 01:53:05

Health: -6/75      AC: 11    Str:  6 (9)  XL:     11   Next: 20%
Magic:  23/31      EV: 13    Int: 23      God:    Vehumet [**....]
Gold:   442        SH:  0    Dex: 11 (12) Spells: 14/25 levels left

rFire   . . .      SeeInvis .   S - +4 scimitar (vamp)
rCold   . . .      Faith    .   (no shield)
rNeg    . . .      Spirit   .   P - +0 steam dragon scales
rPois   .          Reflect  .   (helmet restricted)
rElec   .          Harm     .   j - +2 cloak
rCorr   .          Rampage  +   (no gloves)
Will    .....                   U - +1 pair of boots {rampage}
Stlth   ++........              (no amulet)
HPRegen 0.22/turn               w - ring of magical power
MPRegen 0.22/turn               (no ring)

@: no status effects
A: antennae 1, deterioration 1, strong 1, MP-powered wands
a: Renounce Religion


You were on level 9 of the Dungeon.
You worshipped Vehumet.
Vehumet was pleased with you.
You visited 2 branches of the dungeon, and saw 11 of its levels.
You also visited: Ossuary.

You collected 442 gold pieces.

Inventory:

Hand Weapons
 q - a +0 demon blade
 x - a +4 dagger of venom
 B - a +1 dagger of draining
 K - a +6 quarterstaff
 N - a +1 flail of protection
 S - a +4 vampiric scimitar (weapon)
 V - a +2 rapier of flaming
 W - a +3 scimitar of freezing
Missiles
 g - 10 poisoned darts
Armour
 j - a +2 cloak (worn)
 s - a +0 pair of boots
 L - +0 acid dragon scales
 P - +0 steam dragon scales (worn)
 U - a +1 pair of boots of rampaging (worn)
 X - a +0 troll leather armour
Jewellery
 w - a ring of magical power (left hand)
Wands
 u - a wand of charming (2)
 y - a wand of polymorph (5)
 R - a wand of acid (5)
 Y - a wand of mindburst (6)
Scrolls
 b - a scroll of blinking {unknown}
 d - a scroll of holy word {unknown}
 e - 2 scrolls of fear
 f - 2 scrolls of immolation {unknown}
 h - 2 scrolls of fog {unknown}
 i - a scroll of enchant weapon {unknown}
 k - 3 scrolls of noise {unknown}
 l - 5 scrolls of teleportation
 n - 2 scrolls of magic mapping
 p - a scroll of silence {unknown}
 z - 4 scrolls of amnesia {unknown}
 A - a scroll of brand weapon {unknown}
 H - a scroll of vulnerability {unknown}
 J - 4 scrolls of enchant armour {unknown}
 T - a scroll of acquirement {unknown}
Potions
 a - 2 potions of flight {unknown}
 m - 2 potions of degeneration {unknown}
 r - a potion of ambrosia
 t - a potion of heal wounds {unknown}
 v - 2 potions of haste
 C - 3 potions of curing
 D - a potion of berserk rage {unknown}
 E - 3 potions of resistance
 F - 2 potions of lignification {unknown}
 I - a potion of brilliance {unknown}
 Q - a potion of attraction {unknown}


   Skills:
 + Level 3.0 Fighting
 + Level 3.5 Long Blades
 + Level 4.5 Staves
 + Level 1.5 Throwing
 + Level 6.3 Armour
 + Level 5.1 Dodging
 + Level 4.1 Stealth
 + Level 7.7 Spellcasting
 + Level 9.6 Conjurations
 + Level 0.4 Air Magic
 + Level 0.6 Evocations


You had 14 spell levels left.
You knew the following spells:

 Your Spells              Type           Power      Damage    Failure   Level
a - Magic Dart            Conj           100%       1d8       1%          1
b - Searing Ray           Conj           100%       2d8       1%          2
c - Dazzling Flash        Conj/Hex       60%        N/A       3%          3
d - Fulminant Prism       Conj/Hex       15%        3d11      10%         4
e - Shock                 Conj/Air       100%       1d9       1%          1

Your spell library contained the following spells:

 Spells                   Type           Power      Damage    Failure   Level
 Foxfire                  Conj/Fire      100%       2x1d9     1%          1
 Sting                    Tmut/Pois      32%        1d4       7%          1
 Poisonous Vapours        Pois/Air       18%        N/A       10%         2
 Iskenderun's Mystic Bla  Conj/Tloc      30%        2d8       10%         4
 Summon Lightning Spire   Summ/Air       9%         N/A       54%         4
 Olgreb's Toxic Radiance  Pois           8%         N/A       56%         4
 Storm Form               Tmut/Air       4%         N/A       100%        7
 Maxwell's Capacitive Co  Air            5%         ∞         100%        8


Dungeon Overview and Level Annotations

Branches:
Dungeon (10/15)            Temple (1/1) D:4            Lair (0/6) D:9
Ossuary (visited)
    Orc: D:9-12

Altars:
Ashenzari
Cheibriados
Dithmenos
Elyvilon
Fedhas
Gozag
Hepliaklqana
Kikubaaqudgha
Makhleb
Nemelex Xobeh
Okawaru
Qazlal
Ru
Sif Muna
Trog
Uskayaw
Vehumet
Wu Jian
Xom
Yredelemnul
Zin
The Shining One
Beogh

Annotations:
D:6 3 runed translucent doors, Daunt's ghost, novice PaBr
D:7 2 transporters, Arex's ghost, novice MiBe


Innate Abilities, Weirdness & Mutations

You have a pair of small antennae on your head.
Your body sometimes deteriorates upon taking damage.
Your muscles are strong. (Str +2)
You expend magic power (3 MP) to strengthen your wands.


Message History

Aim: a troll (83% to hit)
The searing ray hits the troll!
The troll is moderately wounded. (Press . to maintain the ray.)
The troll bites you. The troll misses you. The troll closely misses you.
The searing ray hits the troll.
The troll is heavily wounded.
The troll misses you. The troll claws you but does no damage.
The troll closely misses you.
The searing ray hits the troll.
The troll is heavily wounded.
The troll bites you. The troll claws you but does no damage.
The troll misses you.
The searing ray hits the troll.
The troll is severely wounded.
You finish channelling your searing ray.
The troll bites you!
The troll claws you but does no damage. x2
The troll bites you! The troll claws you!
Your body deteriorates!
You feel weakened. The troll closely misses you.
Casting: Searing Ray (safe; 1% risk of failure)
Confirm with . or Enter, or press ? or * to list all spells.
Aiming: Searing Ray (safe; 1% risk of failure)
Press: ? - help, Shift-Dir - straight line, f/p - troll
Aim: a troll (severely wounded, 83% to hit)
The searing ray hits the troll!
The troll is almost dead. (Press . to maintain the ray.)
The troll bites you!
* * * LOW HITPOINT WARNING * * *
The troll misses you. The troll claws you!
* * * LOW HITPOINT WARNING * * *
Your body deteriorates!
You feel clumsy.
The searing ray hits the troll.
The troll is almost dead.
The troll completely misses you. The troll claws you but does no damage.
The troll barely misses you.
The searing ray misses the troll.
The troll closely misses you. The troll barely misses you. The troll claws you!
You die...

.......# ########......##
.⌠...⌠.# #.....##..###..#####
.......####.....#...#⌠#......#
...⌠.)['.##.....#...###......#
.....))#).......#............#
.⌠...⌠.####.....#...#.......<#
.......# #.....######>.##..##
###+#### #....T....)#..##..##
###.# ######@[..[#..#....#
....# #...#....!#(.#....#
..### #...#.....#..#....# ..#
#...#.....#..#....# ..#
#...#.....#'####### ###
#...###'#....# #######
##'###..#....# #.....#
#.......#....#########
##.....#
#.......#............#


You could see a troll.

Vanquished Creatures
  A death yak (D:8)
  2 trolls
  12 yaks (D:9)
  Menkaure (Ossuary)
  A steam dragon (D:8)
  2 water moccasins (D:7)
  An acid dragon (D:5)
  Duvessa (D:7)
  2 ice beasts
  2 orc warriors
  A black bear (D:7)
  A centaur (D:9)
  3 necrophages
  A kobold brigand (D:6)
  2 bullfrogs (D:7)
  3 wyvern zombies
  3 scorpions
  Dowan (D:7)
  2 water moccasin zombies
  7 wights
  9 killer bees
  2 howler monkeys
  2 bullfrog skeletons (D:5)
  2 centaur zombies
  4 hounds
  4 orc priests
  4 iguanas
  7 orc wizards
  3 mummies (Ossuary)
  A howler monkey zombie (D:5)
  5 adders
  6 gnolls
  2 howler monkey skeletons
  An ufetubus (D:6)
  2 adder skeletons
  2 worms
  The ghost of spaghetti the Sneak, a weakling DsDe of Cheibriados (D:5)
  4 dart slugs
  20 orcs
  2 endoplasms
  A giant cockroach (D:2)
  6 gnoll zombies (Ossuary)
  5 hobgoblins
  3 quokkas
  10 ball pythons
  6 bats
  8 frilled lizards
  6 gnoll skeletons (Ossuary)
  4 goblins
  6 goblin skeletons (Ossuary)
  3 goblin zombies (Ossuary)
  6 hobgoblin skeletons (Ossuary)
  7 hobgoblin zombies (Ossuary)
  14 kobolds
  A kobold skeleton (Ossuary)
  A kobold zombie (Ossuary)
  4 orc skeletons (Ossuary)
  5 orc zombies (Ossuary)
  4 rats
  2 rat skeletons (Ossuary)
  3 rat zombies (Ossuary)
237 creatures vanquished.

Vanquished Creatures (collateral kills)
  A hound skeleton (D:5)
1 creature vanquished.

Grand Total: 238 creatures vanquished

Notes
Turn   | Place    | Note
-------+----------+-------------------------------------------
     0 | D:1      | mortz the Human Conjurer began the quest for the Orb.
     0 | D:1      | Reached XP level 1. HP: 13/13 MP: 3/3
   323 | D:1      | Found a faded altar of an unknown god.
   326 | D:1      | Reached XP level 2. HP: 19/19 MP: 1/5
   329 | D:1      | Learned a level 2 spell: Searing Ray
  1424 | D:2      | Reached XP level 3. HP: 24/24 MP: 3/6
  1739 | D:2      | Reached XP level 4. HP: 30/30 MP: 5/7
  2155 | D:3      | Reached skill level 5 in Conjurations
  2619 | D:3      | Reached skill level 1 in Armour
  2619 | D:3      | Reached XP level 5. HP: 35/35 MP: 8/8
  3330 | D:4      | Found a blossoming altar of Fedhas.
  3357 | D:4      | Found a sand-covered staircase.
  3362 | Ossuary  | Entered an ossuary
  4544 | Ossuary  | Reached XP level 6. HP: 41/41 MP: 10/10
  5096 | Ossuary  | Noticed Menkaure
  5101 | Ossuary  | Killed Menkaure
  5102 | Ossuary  | Reached skill level 1 in Long Blades
  5240 | Ossuary  | Gained mutation: You are weak. (Str -2) [potion of
                  | mutation]
  5240 | Ossuary  | Gained mutation: You possess an exceptional clarity of
                  | mind. [potion of mutation]
  5240 | Ossuary  | Gained mutation: You have a pair of small antennae on your
                  | head. [potion of mutation]
  5541 | Ossuary  | Lost mutation: You possess an exceptional clarity of mind.
                  | [potion of mutation]
  5541 | Ossuary  | Lost mutation: You are weak. (Str -2) [potion of mutation]
  5541 | Ossuary  | Gained mutation: You expend magic power (3 MP) to
                  | strengthen your wands. [potion of mutation]
  5541 | Ossuary  | Gained mutation: Your muscles are strong. (Str +2) [potion
                  | of mutation]
  5541 | Ossuary  | Gained mutation: Your body sometimes deteriorates upon
                  | taking damage. [potion of mutation]
  5591 | D:4      | Reached XP level 7. HP: 33/46 MP: 12/12
  5677 | D:4      | Found a staircase to the Ecumenical Temple.
  5686 | Temple   | Entered the Ecumenical Temple
  6960 | D:4      | Found a hazy altar of Hepliaklqana.
  6961 | D:4      | Found a faded altar of an unknown god.
  7086 | D:5      | Entered Level 5 of the Dungeon
  7127 | D:5      | Found a transporter.
  7127 | D:5      | Noticed spaghetti's ghost (weakling DsDe)
  7134 | D:5      | Found a transporter.
  7142 | D:5      | Noticed an acid dragon
  7392 | D:5      | Reached skill level 1 in Staves
  7467 | D:5      | Found a radiant altar of Vehumet.
  7467 | D:5      | Found a white marble altar of Elyvilon.
  7474 | D:5      | Reached skill level 6 in Conjurations
  7474 | D:5      | Reached XP level 8. HP: 53/53 MP: 14/14
  7478 | D:5      | Became a worshipper of Vehumet
  7829 | D:5      | Killed spaghetti's ghost
  8165 | D:5      | Reached skill level 5 in Spellcasting
  8478 | D:6      | Reached skill level 1 in Fighting
  8718 | D:6      | Found a runed translucent gate.
  8718 | D:6      | Noticed Daunt's ghost (novice PaBr)
  8719 | D:6      | Found a runed translucent gate.
  8721 | D:6      | Found a runed translucent gate.
  8726 | D:6      | Identified the +0 plate armour of Soft Rains {*Corrode
                  | rPois Regen+ Dex+6}
  8817 | D:6      | Reached XP level 9. HP: 59/59 MP: 14/17
  9258 | D:7      | Learned a level 3 spell: Dazzling Flash
  9263 | D:7      | Learned a level 4 spell: Fulminant Prism
  9270 | D:7      | Reached skill level 7 in Conjurations
  9293 | D:7      | Found a hide-covered altar of Uskayaw.
  9446 | D:7      | Noticed Arex's ghost (novice MiBe)
  9578 | D:7      | Reached * piety under Vehumet
  9578 | D:7      | Offered knowledge of Shock by Vehumet.
  9583 | D:7      | Learned a level 1 spell: Shock
  9638 | D:7      | Noticed Duvessa
  9640 | D:7      | Noticed Dowan
  9648 | D:7      | Killed Duvessa
  9648 | D:7      | Killed Dowan
  9862 | D:7      | Reached skill level 8 in Conjurations
 10123 | D:7      | Found a transporter.
 10416 | D:7      | Found a transporter.
 10494 | D:8      | Noticed a two-headed ogre
 10512 | D:7      | Reached XP level 10. HP: 31/67 MP: 19/19
 11543 | D:8      | a two-headed ogre changed into a tarantella
 12114 | D:9      | Noticed a death yak
 12549 | D:8      | Killed a death yak
 12550 | D:8      | Reached skill level 5 in Armour
 13059 | D:9      | Found a staircase to the Lair.
 13059 | D:9      | Noticed a death yak
 13114 | D:9      | Offered knowledge of Foxfire by Vehumet.
 13466 | D:9      | Noticed a death yak
 13466 | D:9      | Noticed a death yak
 13546 | D:10     | Entered Level 10 of the Dungeon
 13546 | D:10     | Found a shadowy altar of Dithmenos.
 13572 | D:9      | Reached skill level 9 in Conjurations
 13593 | D:9      | Reached skill level 1 in Throwing
 13995 | D:9      | Reached ** piety under Vehumet
 14439 | D:10     | Reached XP level 11. HP: 74/74 MP: 22/22
 14756 | D:9      | Reached skill level 5 in Dodging
 15445 | D:9      | Mangled by a troll

Illustrated notes

Levels and vault maps discovered:
D:1:      ncdulo_wetmaze, layout_loops_corners,
          dreamdust_ecumenical_altar_angels_and_demons, fountainhead
D:2:      layout_rooms
D:3:      wad_river_or_something, layout_basic
D:4:      layout_loops_ring, beargit_hepliaklqana_dungeon_heroes,
          fedhas_altar_1, minmay_temple_entry_ruins, nicolae_ossuary_entry_plus,
          lightli_corner_chamber
D:5:      layout_rooms, gammafunk_temple_overflow_pools, gammafunk_ghost_arena,
          minivault_19, hangedman_abyss_or_decor_stabs
D:6:      layout_basic, biasface_ghost_orc_armoury
D:7:      layout_loops_ring, general_overflow_altar, gammafunk_ghost_hive,
          uniq_duvessa
D:8:      layout_basic, nicolae_concentric_dashed_squares_mild
D:9:      layout_gridville, dpeg_lair_monsters, minmay_fountain_box,
          feat_on_display
D:10:     layout_big_octagon, mainiacjoe_overflow_concentric_impassable,
          orc_0_dummy
Temple:   eino_temple_scatter_basement

Skill      XL: |  1  2  3  4  5  6  7  8  9 10 11 |
---------------+----------------------------------+-----
Conjurations   | 5 6 8 9 |  9.6
Armour         | 1 2 3 4 5 6 |  6.3
Stealth        | 3 4 |  4.1
Spellcasting   | 3 4 5 6 7 |  7.7
Long Blades    | 1 2 3 |  3.5
Staves         | 1 3 4 |  4.5
Fighting       | 1 2 3 |  3.0
Dodging        | 3 4 5 |  5.1
Throwing       | 1 |  1.5
Air Magic      | |  0.4
Evocations     | |  0.6

Action                   |  1- 3 |  4- 6 |  7- 9 | 10-12 || total
-------------------------+-------+-------+-------+-------++-------
Melee: Unarmed           |     1 |       |       |       ||     1
       Dagger            |     6 |       |       |       ||     6
       Demon blade       |       |    12 |     6 |       ||    18
       Quarterstaff      |       |       |    12 |     1 ||    13
       Scimitar          |       |       |       |    57 ||    57
       Punch             |       |       |       |     2 ||     2
Throw: Dart              |       |     2 |       |    14 ||    16
 Cast: Magic Dart        |    50 |    77 |    93 |    42 ||   262
       Searing Ray       |     5 |    42 |    63 |    55 ||   165
       Shock             |       |       |     3 |     1 ||     4
Evoke: Wand              |       |       |     1 |     4 ||     5
  Use: Potion            |       |     2 |       |     2 ||     4
       Scroll            |       |     1 |     5 |     1 ||     7
Armor: Leather armour    |     4 |     9 |    27 |       ||    40
       Acid dragon scale |       |       |    30 |    57 ||    87
       Steam dragon scal |       |       |       |    16 ||    16
Dodge: Dodged            |    11 |    10 |    90 |   124 ||   235
